Map: Eternal Empire LE

Players

HellraiseR

  • Race: Protoss Protoss
  • Spawn Location: 1:00

SKillous - Winner!

  • Race: Protoss Protoss
  • League: Grandmaster
  • Spawn Location: 7:00

Event: DreamHack SC2 Masters 2020 Fall

VOD

Have the link to the VOD?

Description

Time

  • Played on: Sept. 9, 2020, 1:56 p.m.
  • Length: 17:58

All games in this series

Show
View Real Time Build Order
Export as new Build Order

HellraiseR Protoss 

Build Orders: Oracle Opening, Carriers 

Get SALT Encoding   

  12  0:00  Probe  
  13  0:12  Probe  
  14  0:18  Pylon  
  14  0:24  Probe (Chrono Boost)  
  15  0:37  Probe (Chrono Boost)  
  15  0:38  Gateway  
  16  0:44  Probe (Chrono Boost)  
  16  0:47  Assimilator  
  17  0:51  Probe  
  17  0:55  Assimilator  
  18  1:03  Probe (Chrono Boost)  
  19  1:07  Gateway  
  19  1:12  Probe (Chrono Boost)  
  19  1:18  Probe  
  21  1:26  Cybernetics Core  
  21  1:30  Probe  
  22  1:39  Pylon  
  22  1:42  Probe  
  23  1:57  Probe  
  24  2:02  Stalker x2  
  24  2:04  Warp Gate  
  28  2:16  Stargate  
  28  2:42  Nexus  
  27  2:48  Pylon  
  27  2:52  Probe  
  28  2:58  Oracle (Chrono Boost)  
  31  3:10  Shield Battery  
  31  3:13  Probe  
  31  3:19  Pylon  
  32  3:27  Void Ray (Chrono Boost)  
  36  3:35  Probe  
  37  3:46  Robotics Facility  
  37  3:48  Probe  
  38  3:56  Probe  
  38  3:58  Void Ray (Chrono Boost)  
  38  4:00  Probe  
  40  4:09  Probe  
  45  4:12  Probe  
  46  4:21  Probe  
  47  4:25  Void Ray (Chrono Boost)  
  47  4:26  Pylon, Probe  
  48  4:33  Probe  
  48  4:38  Probe  
  54  4:50  Gateway  
  54  4:52  Gateway  
  55  4:57  Warp Prism, Void Ray (Chrono Boost)  
  60  5:09  Probe  
  60  5:10  Probe  
  62  5:14  Pylon  
  62  5:17  Pylon  
  62  5:32  Void Ray, Adept x2, Pylon  
  62  5:33  Probe  
  71  5:46  Adept x2  
  71  5:47  Probe  
  76  5:53  Probe  
  76  5:54  Pylon  
  77  5:59  Probe  
  77  6:02  Adept x2  
  82  6:08  Adept x2  
  84  6:12  Probe x2  
  86  6:21  Void Ray (Chrono Boost)  
  86  6:24  Probe (Chrono Boost)  
  86  6:25  Assimilator  
  88  6:28  Assimilator  
  88  6:30  Probe (Chrono Boost)  
  92  6:34  Probe (Chrono Boost)  
  92  6:39  Nexus  
  93  6:40  Probe  
  94  6:47  Pylon  
  94  7:03  Immortal (Chrono Boost)  
  94  7:05  Probe x2  
  100  7:09  Shield Battery  
  100  7:12  Pylon  
  100  7:18  Stargate, Probe x2  
  102  7:25  Protoss Air Weapons Level 1, Pylon  
  102  7:37  Void Ray (Chrono Boost), Probe x2  
  102  7:43  Forge  
  104  7:49  Probe x2  
  101  7:52  Probe  
  100  8:02  Probe x2  
  100  8:03  Void Ray (Chrono Boost)  
  100  8:04  Probe  
  107  8:06  Adept x4  
  107  8:12  Void Ray (Chrono Boost)  
  115  8:14  Probe x2  
  115  8:16  Probe  
  115  8:17  Shield Battery  
  118  8:26  Probe x2  
  124  8:37  Assimilator  
  124  8:39  Pylon  
  124  8:40  Pylon  
  123  8:41  Pylon  
  123  8:47  Fleet Beacon  
  123  8:50  Void Ray x2 (Chrono Boost), Pylon  
  123  8:56  Probe  
  123  9:00  Probe  
  123  9:01  Probe  
  134  9:08  Probe  
  131  9:13  Probe  
  131  9:16  Probe  
  129  9:20  Void Ray (Chrono Boost), Probe  
  129  9:21  Void Ray (Chrono Boost)  
  130  9:31  Probe  
  130  9:32  Unknown  
  130  9:34  Probe  
  130  9:37  Probe  
  131  9:40  Assimilator  
  131  9:42  Robotics Bay  
  131  9:43  Probe  
  130  9:46  Probe  
  130  9:50  Gateway, Pylon  
  130  9:52  Void Ray (Chrono Boost)  
  129  9:53  Void Ray (Chrono Boost)  
  129  9:57  Pylon  
  129  9:59  Pylon  
  123  10:10  Photon Cannon  
  123  10:11  Pylon  
  123  10:12  Shield Battery, Pylon, Photon Cannon  
  123  10:14  Pylon  
  123  10:22  Void Ray  
  123  10:23  Void Ray  
  123  10:24  Photon Cannon x2  
  123  10:28  Disruptor (Chrono Boost), Photon Cannon  
  134  10:47  Nexus  
  134  10:53  Disruptor (Chrono Boost)  
  134  10:54  Robotics Facility, Protoss Air Weapons Level 2  
  134  10:56  Zealot  
  139  11:02  Shield Battery  
  139  11:05  Shield Battery  
  139  11:13  Photon Cannon  
  139  11:15  Photon Cannon  
  139  11:17  Probe  
  143  11:30  Observer (Chrono Boost)  
  141  11:43  Pylon  
  141  11:44  Disruptor (Chrono Boost)  
  147  11:49  Disruptor (Chrono Boost), Pylon  
  146  12:02  Nexus  
  146  12:03  Pylon  
  146  12:06  Pylon  
  146  12:07  Disruptor  
  149  12:18  Disruptor  
  149  12:21  Photon Cannon  
  152  12:23  Shield Battery  
  152  12:25  Carrier x2 (Chrono Boost)  
  164  12:31  Stargate  
  164  12:32  Pylon  
  164  12:37  Photon Cannon x2  
  164  12:38  Photon Cannon  
  164  12:39  Shield Battery  
  164  12:40  Shield Battery  
  164  12:42  Pylon  
  164  12:43  Disruptor  
  164  12:44  Pylon  
  163  12:50  Probe  
  164  12:51  Probe  
  164  12:53  Unknown  
  164  12:54  Disruptor, Adept, Pylon  
  164  12:55  Adept x4  
  164  12:57  Probe  
  178  13:02  Probe  
  172  13:18  Probe  
  172  13:19  Disruptor  
  171  13:33  Carrier (Chrono Boost)  
  173  13:37  Zealot  
  183  13:45  Nexus  
  183  13:48  Zealot x2  
  185  13:52  Carrier (Chrono Boost)  
  194  13:57  Probe  
  194  14:01  Carrier (Chrono Boost)  
  195  14:06  Photon Cannon  
  195  14:07  Shield Battery, Photon Cannon  
  195  14:20  Protoss Air Weapons Level 3 (Chrono Boost)  
  195  14:30  Carrier (Chrono Boost)  
  197  14:39  Zealot  
  198  14:52  Photon Cannon  
  197  14:57  Observer  
  196  15:02  Nexus  
  190  15:20  Carrier x2 (Chrono Boost)  
  177  15:23  Probe x2  
  177  15:25  Unknown  
  177  15:26  Carrier (Chrono Boost)  
  166  15:29  Disruptor (Chrono Boost)  
  178  15:36  Disruptor (Chrono Boost)  
  172  15:58  Gravitic Boosters  
  172  16:02  Observer (Chrono Boost)  
  173  16:07  Observer (Chrono Boost)  
  174  16:16  Oracle x2 (Chrono Boost)  
  174  16:17  Observer  
  181  16:23  Probe  
  181  16:24  Probe x2  
  184  16:36  Pylon  
  184  16:39  Pylon  
  184  16:49  Carrier (Chrono Boost)  
  184  16:50  Carrier (Chrono Boost)  
  196  17:00  Nexus  
  196  17:22  Photon Cannon  
  196  17:26  Photon Cannon  
Show
View Real Time Build Order
Export as new Build Order

SKillous Protoss - Winner!

Build Orders: Blink Stalkers, Carriers 

Get SALT Encoding   

  12  0:00  Probe  
  13  0:12  Probe  
  14  0:18  Pylon  
  14  0:24  Probe (Chrono Boost)  
  15  0:36  Probe (Chrono Boost)  
  15  0:37  Gateway  
  16  0:45  Probe (Chrono Boost)  
  16  0:46  Assimilator  
  17  0:51  Probe  
  17  0:54  Assimilator  
  18  1:03  Probe (Chrono Boost)  
  19  1:11  Gateway  
  19  1:12  Probe (Chrono Boost)  
  19  1:17  Probe (Chrono Boost)  
  20  1:25  Cybernetics Core  
  21  1:29  Probe  
  22  1:35  Pylon  
  22  1:41  Probe  
  23  1:53  Probe  
  24  2:03  Stalker x2  
  24  2:05  Warp Gate  
  28  2:10  Pylon  
  28  2:33  Sentry x2  
  32  2:43  Nexus  
  32  2:45  Probe  
  33  2:57  Shield Battery  
  33  2:58  Probe  
  33  3:10  Twilight Council, Probe  
  34  3:13  Sentry  
  36  3:20  Shield Battery  
  36  3:22  Probe  
  37  3:30  Pylon  
  37  3:36  Probe  
  38  3:43  Blink (Chrono Boost)  
  38  3:48  Probe (Chrono Boost)  
  39  3:59  Probe (Chrono Boost)  
  39  4:01  Probe (Chrono Boost)  
  41  4:08  Probe (Chrono Boost)  
  41  4:09  Probe (Chrono Boost)  
  43  4:15  Probe (Chrono Boost)  
  43  4:16  Probe (Chrono Boost)  
  45  4:19  Stalker  
  45  4:21  Stalker  
  50  4:27  Probe (Chrono Boost)  
  50  4:30  Probe (Chrono Boost)  
  51  4:31  Pylon  
  51  4:33  Probe (Chrono Boost)  
  51  4:36  Probe (Chrono Boost)  
  52  4:42  Probe  
  53  4:45  Gateway  
  53  4:47  Gateway  
  53  4:49  Probe  
  54  4:54  Probe  
  54  4:55  Assimilator  
  55  5:01  Probe  
  55  5:03  Gateway  
  55  5:06  Probe  
  57  5:16  Nexus  
  57  5:20  Probe  
  58  5:25  Pylon  
  58  5:30  Stalker  
  58  5:31  Charge (Chrono Boost), Probe  
  58  5:35  Stalker  
  63  5:41  Probe  
  64  5:42  Stalker  
  64  5:45  Stalker  
  68  5:57  Stalker  
  68  6:00  Shield Battery  
  68  6:01  Stalker  
  68  6:02  Shield Battery  
  72  6:08  Stalker  
  72  6:09  Sentry, Stalker  
  78  6:15  Probe  
  78  6:16  Probe  
  76  6:28  Probe (Chrono Boost)  
  76  6:31  Probe (Chrono Boost)  
  76  6:32  Probe (Chrono Boost)  
  79  6:38  Templar Archives  
  79  6:39  Probe (Chrono Boost)  
  81  6:41  Probe (Chrono Boost)  
  81  6:46  Probe (Chrono Boost)  
  83  6:47  Probe x2 (Chrono Boost), Pylon  
  83  6:52  Forge, Probe  
  85  6:54  Probe  
  85  6:55  Probe  
  85  6:58  Stalker  
  85  6:59  Stalker  
  91  7:02  Assimilator  
  91  7:04  Zealot  
  91  7:05  Probe  
  91  7:06  Zealot x2  
  97  7:13  Probe x2  
  97  7:14  Pylon  
  99  7:17  Probe  
  99  7:22  Protoss Ground Weapons Level 1 (Chrono Boost)  
  100  7:25  Probe  
  100  7:29  Pylon x2  
  101  7:30  Probe (Chrono Boost)  
  101  7:37  Pylon, Probe (Chrono Boost)  
  96  7:41  Pylon  
  96  7:42  Probe (Chrono Boost)  
  98  7:45  Probe (Chrono Boost)  
  96  7:53  High Templar x2, Probe x2 (Chrono Boost)  
  96  7:54  High Templar x2  
  102  8:01  Probe  
  102  8:02  Archon x2  
  102  8:03  Probe  
  102  8:04  Robotics Facility  
  102  8:07  Probe  
  102  8:09  Nexus  
  102  8:11  Pylon  
  102  8:12  Gateway  
  103  8:14  Gateway  
  103  8:15  Gateway  
  103  8:18  Probe x2  
  103  8:19  Probe  
  106  8:23  Photon Cannon  
  106  8:25  High Templar  
  106  8:26  Zealot, High Templar  
  110  8:30  Probe x2  
  110  8:31  Probe  
  110  8:32  Archon  
  110  8:34  Photon Cannon  
  113  8:42  Assimilator, Probe x2  
  113  8:44  Probe  
  116  8:51  Stalker x3  
  116  8:54  Probe  
  123  8:57  Probe  
  123  8:59  Probe  
  125  9:05  Pylon  
  125  9:09  Stalker x4  
  121  9:12  Stalker  
  121  9:14  Stalker x2  
  121  9:17  Stalker  
  117  9:18  Probe  
  117  9:19  Probe  
  118  9:25  Probe  
  118  9:30  Probe  
  118  9:31  Probe  
  115  9:32  Zealot x3  
  115  9:37  Probe  
  118  9:38  Warp Prism (Chrono Boost)  
  118  9:43  Probe  
  119  9:47  High Templar  
  119  9:48  High Templar  
  119  9:52  Archon  
  117  9:53  Zealot x3  
  117  9:55  Probe (Chrono Boost)  
  119  10:00  Probe (Chrono Boost)  
  119  10:01  Probe (Chrono Boost)  
  119  10:04  Probe (Chrono Boost)  
  119  10:05  Protoss Ground Weapons Level 2 (Chrono Boost)  
  121  10:07  Probe (Chrono Boost)  
  121  10:12  High Templar x2  
  121  10:13  Probe (Chrono Boost), Photon Cannon  
  126  10:20  Zealot x3  
  132  10:22  Probe  
  132  10:25  Photon Cannon  
  133  10:30  Unknown  
  133  10:31  Archon  
  133  10:38  High Templar x2  
  133  10:42  Gateway  
  137  10:44  Gateway  
  137  10:45  Archon  
  135  10:50  Stalker x4  
  135  10:51  Psionic Storm  
  135  10:53  Photon Cannon  
  135  10:54  Stalker  
  135  10:56  Stalker  
  147  10:59  Probe  
  147  11:00  Probe  
  149  11:04  Assimilator, Probe x2  
  149  11:08  Pylon  
  149  11:09  Pylon x2  
  151  11:13  Probe  
  150  11:26  High Templar x2  
  150  11:28  Nexus  
  150  11:32  Pylon  
  154  11:39  Stargate  
  154  11:43  Stargate  
  154  11:55  Protoss Air Weapons Level 1 (Chrono Boost)  
  154  12:00  Zealot x9  
  170  12:03  Pylon  
  170  12:07  Stargate  
  170  12:08  Stargate  
  160  12:27  Fleet Beacon  
  160  12:29  Zealot x3  
  154  12:30  Zealot x7  
  166  12:53  Assimilator  
  166  12:57  Assimilator  
  164  13:01  Photon Cannon  
  164  13:02  Zealot x9  
  164  13:03  Zealot, Photon Cannon  
  184  13:07  Mothership (Chrono Boost)  
  196  13:21  Carrier (Chrono Boost)  
  196  13:22  Carrier (Chrono Boost)  
  196  13:24  Carrier (Chrono Boost)  
  196  13:33  Zealot x2, Carrier (Chrono Boost)  
  196  13:34  Zealot x3  
  182  13:48  High Templar x3  
  184  13:49  High Templar  
  188  14:02  Cybernetics Core  
  194  14:12  Carrier (Chrono Boost)  
  194  14:15  Carrier (Chrono Boost)  
  200  14:21  Protoss Air Weapons Level 2 (Chrono Boost)  
  188  14:32  Nexus  
  188  14:33  Pylon  
  194  14:43  Carrier (Chrono Boost)  
  194  14:45  Carrier (Chrono Boost)  
  184  14:46  Shield Battery  
  184  14:48  Observer  
  184  14:49  Shield Battery  
  184  14:50  Shield Battery x2, Protoss Air Armor Level 1 (Chrono Boost)  
  185  14:55  Zealot, Shield Battery  
  185  14:57  Shield Battery  
  185  14:58  Zealot x3  
  185  15:19  Carrier (Chrono Boost)  
  185  15:20  Carrier (Chrono Boost)  
  181  15:34  Unknown  
  179  15:43  Carrier  
  183  15:58  Nexus  
  183  16:06  Zealot  
  183  16:08  Carrier (Chrono Boost)  
  183  16:10  Sentry x2  
  195  16:21  Carrier (Chrono Boost)  
  194  16:53  Forge  
  200  16:59  Carrier (Chrono Boost)  
  200  17:01  Shield Battery  
  194  17:10  Nexus  
  194  17:11  Pylon  
  194  17:14  Oracle (Chrono Boost)  
  177  17:37  Stalker x7  
  177  17:38  Stalker  

Tags
 
Add a new tag
Caveats
  • Supply blocks, unpowered buildings, or Contaminate may cause inaccurate times.
  • Supply counts are checked every 10 seconds.